 Dungeon Crawl Stone Soup version 0.18.1-6-gd335043 (webtiles) character file.

94 zeroDi the Sneak (level 4, -1/23 HPs)
             Began as a Vine Stalker Assassin on May 20, 2016.
             Slain by Crazy Yiuf
             ... wielding a +2 quarterstaff of chaos
              (8 damage)
             ... on level 1 of the Dungeon.
             The game lasted 00:04:25 (1127 turns).

zeroDi the Sneak (Vine Stalker Assassin)            Turns: 1127, Time: 00:04:26

Health: -1/23      AC:  3    Str: 13    XL:     4   Next: 63%
Magic:  0/5        EV: 11    Int: 11    God:
Gold:   87         SH:  0    Dex: 17    Spells: 0 memorised, 3 levels left

rFire  . . .     SeeInvis .     a - +2 dagger
rCold  . . .     Gourm    .     c - +0 robe
rNeg   . . .     Faith    .     (no shield)
rPois  .         Spirit   +     (no helmet)
rElec  .         Dismiss  .     d - +0 cloak
rCorr  .         Reflect  .     (no gloves)
SustAt .         Harm     .     (no boots)
MR     .....                    (no amulet)
Stlth  +++.......               (no ring)
                                (no ring)

@: drained, not resistant to hostile enchantments, fairly stealthy
A: fangs 2, regeneration 1, magic shield, antimagic bite, no device heal 3, rot
immunity
a: no special abilities


You were on level 1 of the Dungeon.
You were not hungry.

You visited 1 branch of the dungeon, and saw 2 of its levels.

You collected 87 gold pieces.


Innate Abilities, Weirdness & Mutations

You have extremely sharp teeth.
Your natural rate of healing is unusually fast.
When hurt, damage is shared between your health and your magic reserves.
Your bite disrupts and absorbs the magic of your enemies.
Potions and wands cannot restore your health.
You are immune to rotting.


   Skills:
 - Level 1.7(1.5) Fighting
 + Level 4.2(4.0) Short Blades
 - Level 1.7(1.5) Throwing
 - Level 0.7(0.5) Dodging
 - Level 4.8(4.5) Stealth


You had 3 spell levels left.
You didn't know any spells.

Inventory:

Hand Weapons
 a - a +2 dagger (weapon)
 b - a +0 blowgun
Missiles
 e - 33 poisoned needles
 f - 2 curare-tipped needles {=f}
Armour
 c - a +0 robe (worn)
 d - a +0 cloak (worn)
Jewellery
 k - an uncursed amulet of faith {unknown}
Scrolls
 h - 2 scrolls of identify {unknown}
 j - a scroll of recharging {unknown}
 l - 2 scrolls of amnesia {unknown}
 n - a scroll of enchant weapon {unknown}
Potions
 i - a potion of flight
 o - a potion of resistance {unknown}
 p - 2 potions of brilliance {unknown}
 q - a potion of might {unknown}
Comestibles
 g - a bread ration
 m - a chunk of flesh

Dungeon Overview and Level Annotations

Branches:
Dungeon (2/15)

Altars:
Xom

Annotations:
D:1 Crazy Yiuf
D:2 Natasha

..........................# ##..
....########....#......÷..####..#
.....####....####........(##...##
.............####.).......#.....)
#######.####....[...........#####
.........######............##
......†.........#####.#....#
.........########..........######
.........# ###g@.###............
########## ##...### ######..#####
#..### #.......# #.## #.####..#
########.# #'# #..## ##........#
#.# #.(.# #).########
###.####.... ####.## ##########
#..<..##.... †#...#
#........#######.#######.


You could see Crazy Yiuf.


Message History

Crazy Yiuf grits, "Proton meccalolo dark!"
Crazy Yiuf yells, "Trifle tea koolooloo!"
You see here a giant gecko corpse.
There is a stone staircase leading down here.
You see here a rat skeleton.
Crazy Yiuf sings, "Trees, trees, trees, circus!"
The goblin shouts!
There is a stone staircase leading up here.
Crazy Yiuf hits you with a quarterstaff of chaos.
Crazy Yiuf draws strength from your injuries!
You climb upwards.
There is a stone staircase leading down here.
You hit Crazy Yiuf but do no damage. You bite Crazy Yiuf, but do no damage.
Crazy Yiuf is moderately wounded.
Crazy Yiuf hits you with a quarterstaff of chaos!
* * * LOW HITPOINT WARNING * * *
You closely miss Crazy Yiuf.
Crazy Yiuf is moderately wounded.
Crazy Yiuf hits you with a quarterstaff of chaos!
You die...

Action                   |  1- 3 |  4- 6 || total
-------------------------+-------+-------++-------
Melee: Dagger            |    84 |    43 ||   127
       Bite              |    17 |    15 ||    32
 Fire: Blowgun           |     8 |       ||     8
  Use: Potion            |     2 |       ||     2
 Stab: Sleeping          |     6 |     2 ||     8
  Eat: Chunk             |       |     1 ||     1
Armor: Robe              |    17 |     1 ||    18
Dodge: Dodged            |    43 |    16 ||    59

Vault maps used:
D:1:      shiori_shiawase, hex_tiny
D:2:      marbit_many_paths, nicolae_overflow_crystal_walls, uniq_terence,
          uniq_crazy_yiuf_cottage, uniq_natasha

Notes
Turn   | Place    | Note
--------------------------------------------------------------
     0 | D:1      | zeroDi the Vine Stalker Assassin began the quest for the Orb.
     0 | D:1      | Reached XP level 1. HP: 11/11 MP: 2/2
   175 | D:1      | Reached skill level 2 in Short Blades
   233 | D:1      | Reached XP level 2. HP: 9/15 MP: 3/3
   448 | D:1      | Reached skill level 3 in Short Blades
   508 | D:1      | Reached XP level 3. HP: 15/18 MP: 4/4
   677 | D:2      | Noticed Natasha
   830 | D:2      | Noticed Terence
   843 | D:2      | Killed Terence
   843 | D:2      | Reached skill level 4 in Short Blades
   843 | D:2      | Reached XP level 4. HP: 23/23 MP: 5/5
   879 | D:2      | Found a shimmering altar of Xom.
  1049 | D:2      | Noticed Crazy Yiuf
  1066 | D:2      | HP: 2/23 [poisoned by Crazy Yiuf]
  1072 | D:2      | HP: 1/23 [poisoned by Crazy Yiuf]
  1080 | D:2      | HP: 2/23 [poisoned by Crazy Yiuf]
  1127 | D:1      | Slain by Crazy Yiuf

Vanquished Creatures
  Terence (D:2)
  2 adders (D:2)
  A worm (D:2)
  3 dart slugs
  2 giant geckos
  3 giant cockroaches
  2 goblins
  3 hobgoblins
  4 jackals (D:2)
  A ball python (D:2)
  3 bats
  3 giant newts
  8 kobolds
  6 rats
42 creatures vanquished.
